[ AOE2 MATCH · #504937262 ]
UnrankedAztecs vs Celts
Player's team · LOSS
Rival team · WIN
[ REPLAY ANALYSIS · EXTRACTED FROM THE RECORDED GAME ]
Feudal
10:18
Castle
21:26
Imperial
—
| APM avg | 45.6 |
| APM peak | 68 |
| eAPM avg | 25.2 |
| Villagers / military | 95 / 65 |
Focus
⚔️ 33.8% · 🌾 66.2%
Eagle Scout ×43 · Archer ×10 · Mangonel ×7 · Militia ×4 · Monk ×1
Feudal
10:50
Castle
21:18
Imperial
—
| APM avg | 58.5 |
| APM peak | 98 |
| eAPM avg | 25.5 |
| Villagers / military | 96 / 72 |
Focus
⚔️ 35.7% · 🌾 64.3%
Archer ×51 · Militia ×6 · Woad Raider ×6 · Monk ×4 · Skirmisher ×4 · Mangonel ×1
Match map
Initial resources + every placement click. Lines = walls · curves = elevation contours. ◆ gold · ⬟ stone · ● berries · ✦ relic · ◌ wall gap
Your base· ✓ Closed at 21:26 · 37t walls · no gate
DK | Kongen_42's base· Open — opponent sealed themselves in
Smoothed initial terrain · ◌ = detected wall gap · hover for details
Inputs per minute
— Mununez - - DK | Kongen_42
Build order — Mununez
First 150 of 301 actions detected
| 0:00 | Queue | Villager (Male) |
| 0:00 | Queue | Villager (Male) |
| 0:02 | Build | House |
| 0:03 | Build | House |
| 0:10 | Queue | Villager (Male) |
| 0:28 | Queue | Villager (Male) |
| 1:25 | Queue | Villager (Male) |
| 1:53 | Build | Lumber Camp |
| 2:02 | Queue | Villager (Male) |
| 2:29 | Queue | Villager (Male) |
| 2:55 | Queue | Villager (Male) |
| 3:12 | Queue | Villager (Male) |
| 3:40 | Queue | Villager (Male) |
| 3:48 | Build | House |
| 4:03 | Queue | Villager (Male) |
| 4:03 | Queue | Villager (Male) |
| 4:48 | Build | Barracks |
| 4:56 | Queue | Villager (Male) |
| 5:08 | Queue | Villager (Male) |
| 5:24 | Build | House |
| 5:45 | Queue | Militia |
| 5:47 | Queue | Villager (Male) |
| 6:03 | Queue | Militia |
| 6:04 | Queue | Villager (Male) |
| 6:19 | Build | Mill |
| 6:37 | Queue | Villager (Male) |
| 6:48 | Build | House |
| 7:01 | Research | Loom |
| 7:27 | Queue | Villager (Male) |
| 8:00 | Build | Mill |
| 8:08 | Research | Feudal Age |
| 8:33 | Queue | Militia |
| 8:51 | Queue | Militia |
| 8:55 | Build | Mining Camp |
| 10:08 | Queue | Villager (Male) |
| 10:18 | Age | Feudal Age |
| 10:18 | Research | Man-at-Arms (upgrade) |
| 10:18 | Research | Man-at-Arms (upgrade) |
| 10:22 | Build | Archery Range |
| 10:36 | Build | Palisade Wall |
| 10:37 | Build | Palisade Wall |
| 10:39 | Build | Palisade Wall |
| 10:41 | Build | Palisade Wall |
| 10:44 | Build | Palisade Wall |
| 10:44 | Queue | Villager (Male) |
| 10:45 | Build | Palisade Wall |
| 10:53 | Research | Double-Bit Axe |
| 11:01 | Queue | Villager (Male) |
| 11:03 | Queue | Archer |
| 11:09 | Build | House |
| 11:26 | Queue | Villager (Male) |
| 11:30 | Build | Farm |
| 12:03 | Queue | Villager (Male) |
| 12:05 | Build | Palisade Wall |
| 12:07 | Build | Palisade Wall |
| 12:09 | Build | Palisade Wall |
| 12:11 | Build | House |
| 12:13 | Build | Palisade Wall |
| 12:14 | Build | Palisade Wall |
| 12:16 | Build | Palisade Wall |
| 12:17 | Queue | Villager (Male) |
| 12:22 | Build | Palisade Wall |
| 12:25 | Queue | Villager (Male) |
| 12:26 | Queue | Archer |
| 12:30 | Build | Palisade Wall |
| 12:33 | Build | Palisade Wall |
| 12:39 | Build | Farm |
| 12:42 | Build | Farm |
| 12:43 | Queue | Villager (Male) |
| 12:45 | Build | Blacksmith |
| 13:08 | Queue | Villager (Male) |
| 13:09 | Build | Palisade Wall |
| 13:10 | Build | Palisade Wall |
| 13:11 | Build | Palisade Wall |
| 13:20 | Build | Farm |
| 13:21 | Build | Farm |
| 13:30 | Queue | Villager (Male) |
| 13:31 | Queue | Archer |
| 13:42 | Build | Farm |
| 13:43 | Build | Farm |
| 13:44 | Build | Farm |
| 13:51 | Queue | Archer |
| 14:04 | Build | House |
| 14:18 | Build | Farm |
| 14:33 | Research | Fletching |
| 14:39 | Queue | Villager (Male) |
| 14:51 | Queue | Archer |
| 14:53 | Build | Farm |
| 14:54 | Build | Farm |
| 14:54 | Build | Farm |
| 14:54 | Build | Farm |
| 14:54 | Build | Farm |
| 14:55 | Build | Farm |
| 14:57 | Build | Palisade Wall |
| 15:07 | Build | House |
| 15:09 | Queue | Villager (Male) |
| 15:14 | Build | House |
| 15:17 | Build | Palisade Wall |
| 15:19 | Build | Palisade Wall |
| 15:27 | Queue | Villager (Male) |
| 15:28 | Queue | Archer |
| 15:34 | Build | House |
| 15:36 | Build | Palisade Wall |
| 15:41 | Queue | Villager (Male) |
| 15:58 | Build | Farm |
| 16:00 | Build | Farm |
| 16:14 | Queue | Villager (Male) |
| 16:26 | Queue | Villager (Male) |
| 16:40 | Build | Farm |
| 16:41 | Queue | Villager (Male) |
| 16:44 | Build | House |
| 16:50 | Build | Palisade Wall |
| 16:51 | Build | Palisade Wall |
| 16:54 | Build | Palisade Wall |
| 16:55 | Build | Palisade Wall |
| 17:03 | Build | Palisade Wall |
| 17:06 | Build | Farm |
| 17:07 | Build | Farm |
| 17:23 | Queue | Archer |
| 17:39 | Queue | Villager (Male) |
| 17:55 | Queue | Villager (Male) |
| 18:02 | Queue | Archer |
| 18:07 | Build | Palisade Wall |
| 18:24 | Build | Market |
| 18:25 | Build | Palisade Wall |
| 18:30 | Queue | Villager (Male) |
| 18:46 | Research | Castle Age |
| 19:03 | Queue | Archer |
| 19:34 | Queue | Archer |
| 19:36 | Queue | Eagle Scout |
| 19:46 | Build | Barracks |
| 20:10 | Research | Horse Collar |
| 20:13 | Research | Scale Mail Armor |
| 20:15 | Queue | Eagle Scout |
| 20:20 | Build | Farm |
| 20:29 | Build | Lumber Camp |
| 20:39 | Queue | Eagle Scout |
| 20:50 | Queue | Villager (Male) |
| 20:59 | Queue | Eagle Scout |
| 21:13 | Build | House |
| 21:16 | Queue | Eagle Scout |
| 21:22 | Queue | Villager (Male) |
| 21:26 | Age | Castle Age |
| 21:29 | Research | Chain Mail Armor |
| 21:37 | Queue | Villager (Male) |
| 21:41 | Queue | Eagle Scout |
| 21:41 | Queue | Eagle Scout |
| 21:53 | Build | Palisade Wall |
| 21:59 | Build | House |
| 22:12 | Queue | Eagle Scout |
Build order — DK | Kongen_42
First 150 of 287 actions detected
| 0:00 | Queue | Villager (Male) |
| 0:01 | Queue | Villager (Male) |
| 0:01 | Queue | Villager (Male) |
| 0:02 | Build | House |
| 0:03 | Build | House |
| 0:54 | Queue | Villager (Male) |
| 0:54 | Queue | Villager (Male) |
| 1:28 | Queue | Villager (Male) |
| 1:53 | Build | Lumber Camp |
| 1:59 | Queue | Villager (Male) |
| 2:19 | Queue | Villager (Male) |
| 2:53 | Queue | Villager (Male) |
| 3:10 | Queue | Villager (Male) |
| 3:32 | Queue | Villager (Male) |
| 3:49 | Build | House |
| 3:52 | Build | House |
| 3:59 | Queue | Villager (Male) |
| 4:24 | Queue | Villager (Male) |
| 4:47 | Build | Mill |
| 4:54 | Queue | Villager (Male) |
| 5:11 | Build | House |
| 5:14 | Queue | Villager (Male) |
| 5:42 | Queue | Villager (Male) |
| 5:50 | Build | Barracks |
| 6:09 | Queue | Villager (Male) |
| 6:30 | Queue | Villager (Male) |
| 6:50 | Queue | Militia |
| 6:50 | Queue | Militia |
| 6:55 | Queue | Villager (Male) |
| 6:57 | Build | Mining Camp |
| 7:34 | Build | Palisade Wall |
| 7:40 | Queue | Militia |
| 7:54 | Build | Palisade Wall |
| 8:00 | Queue | Villager (Male) |
| 8:04 | Research | Loom |
| 8:06 | Build | House |
| 8:14 | Build | Mill |
| 8:40 | Research | Feudal Age |
| 8:57 | Queue | Militia |
| 9:15 | Queue | Militia |
| 9:34 | Queue | Militia |
| 9:40 | Build | Farm |
| 10:17 | Queue | Villager (Male) |
| 10:38 | Build | Palisade Wall |
| 10:47 | Build | Palisade Wall |
| 10:48 | Build | Palisade Wall |
| 10:50 | Age | Feudal Age |
| 10:53 | Research | Man-at-Arms (upgrade) |
| 11:03 | Build | Palisade Wall |
| 11:05 | Build | Palisade Wall |
| 11:06 | Build | Palisade Wall |
| 11:07 | Build | Palisade Wall |
| 11:15 | Queue | Villager (Male) |
| 11:18 | Build | Archery Range |
| 11:24 | Research | Double-Bit Axe |
| 11:26 | Build | House |
| 11:28 | Build | House |
| 11:34 | Queue | Villager (Male) |
| 11:47 | Queue | Villager (Male) |
| 11:48 | Build | Farm |
| 12:04 | Queue | Villager (Male) |
| 12:19 | Queue | Archer |
| 12:24 | Build | Farm |
| 12:37 | Queue | Villager (Male) |
| 12:40 | Build | Farm |
| 13:04 | Queue | Villager (Male) |
| 13:15 | Queue | Archer |
| 13:18 | Build | Farm |
| 13:20 | Build | Farm |
| 13:56 | Queue | Villager (Male) |
| 13:58 | Queue | Archer |
| 14:00 | Queue | Villager (Male) |
| 14:08 | Build | Blacksmith |
| 14:11 | Build | House |
| 14:29 | Queue | Villager (Male) |
| 14:40 | Queue | Archer |
| 14:53 | Queue | Villager (Male) |
| 14:57 | Build | Farm |
| 15:04 | Research | Fletching |
| 15:12 | Build | Farm |
| 15:13 | Queue | Villager (Male) |
| 15:14 | Build | Farm |
| 15:23 | Queue | Skirmisher |
| 15:31 | Queue | Skirmisher |
| 15:47 | Queue | Villager (Male) |
| 16:00 | Build | Farm |
| 16:02 | Research | Padded Archer Armor |
| 16:25 | Build | Farm |
| 16:44 | Queue | Villager (Male) |
| 16:50 | Queue | Skirmisher |
| 16:52 | Queue | Villager (Male) |
| 16:54 | Build | Farm |
| 17:07 | Queue | Skirmisher |
| 17:34 | Queue | Villager (Male) |
| 17:48 | Queue | Villager (Male) |
| 17:49 | Build | Farm |
| 18:03 | Build | Archery Range |
| 18:11 | Queue | Archer |
| 18:38 | Research | Castle Age |
| 18:41 | Queue | Archer |
| 18:54 | Queue | Archer |
| 19:09 | Queue | Archer |
| 19:09 | Queue | Archer |
| 19:11 | Build | House |
| 19:27 | Build | House |
| 19:28 | Build | House |
| 19:45 | Queue | Archer |
| 19:45 | Queue | Archer |
| 19:46 | Queue | Archer |
| 19:50 | Build | House |
| 19:50 | Build | House |
| 20:01 | Build | Lumber Camp |
| 20:05 | Build | Lumber Camp |
| 20:12 | Queue | Archer |
| 20:12 | Queue | Archer |
| 21:18 | Age | Castle Age |
| 21:25 | Research | Crossbowman (upgrade) |
| 21:25 | Research | Crossbowman (upgrade) |
| 21:26 | Research | Bodkin Arrow |
| 21:27 | Research | Bow Saw |
| 21:41 | Queue | Villager (Male) |
| 22:00 | Queue | Villager (Male) |
| 22:04 | Queue | Archer |
| 22:05 | Queue | Archer |
| 22:13 | Queue | Villager (Male) |
| 22:14 | Build | Farm |
| 22:14 | Build | Farm |
| 22:16 | Research | Horse Collar |
| 22:30 | Build | Town Center |
| 22:33 | Queue | Villager (Male) |
| 22:37 | Queue | Archer |
| 22:37 | Queue | Archer |
| 22:51 | Build | Farm |
| 23:18 | Queue | Villager (Male) |
| 23:20 | Build | Farm |
| 23:22 | Queue | Archer |
| 23:23 | Queue | Archer |
| 23:23 | Queue | Villager (Male) |
| 23:30 | Build | Monastery |
| 23:33 | Queue | Archer |
| 23:51 | Queue | Villager (Male) |
| 23:52 | Queue | Villager (Male) |
| 23:53 | Build | Farm |
| 23:53 | Build | Farm |
| 23:54 | Build | Farm |
| 24:03 | Build | Farm |
| 24:05 | Queue | Archer |
| 24:05 | Queue | Archer |
| 24:07 | Queue | Archer |
| 24:10 | Build | Farm |
Match timeline
| 4:48 | Mununez · first_building Barracks |
| 5:50 | DK | Kongen_42 · first_building Barracks |
| 7:34 | DK | Kongen_42 · wall_segment Palisade Wall x1 |
| 7:54 | DK | Kongen_42 · wall_segment Palisade Wall x1 |
| 10:18 | Mununez · age_up feudal |
| 10:22 | Mununez · first_building Archery Range |
| 10:36 | Mununez · wall_segment Palisade Wall x1 |
| 10:37 | Mununez · wall_segment Palisade Wall x1 |
| 10:38 | DK | Kongen_42 · wall_segment Palisade Wall x2 |
| 10:39 | Mununez · wall_segment Palisade Wall x1 |
| 10:41 | Mununez · wall_segment Palisade Wall x1 |
| 10:44 | Mununez · wall_segment Palisade Wall x1 |
| 10:45 | Mununez · wall_segment Palisade Wall x1 |
| 10:47 | DK | Kongen_42 · wall_segment Palisade Wall x1 |
| 10:48 | DK | Kongen_42 · wall_segment Palisade Wall x1 |
| 10:50 | DK | Kongen_42 · age_up feudal |
| 11:03 | DK | Kongen_42 · wall_segment Palisade Wall x1 |
| 11:05 | DK | Kongen_42 · wall_segment Palisade Wall x1 |
| 11:06 | DK | Kongen_42 · wall_segment Palisade Wall x1 |
| 11:07 | DK | Kongen_42 · wall_segment Palisade Wall x1 |
| 11:18 | DK | Kongen_42 · first_building Archery Range |
| 12:05 | Mununez · wall_segment Palisade Wall x1 |
| 12:07 | Mununez · wall_segment Palisade Wall x1 |
| 12:09 | Mununez · wall_segment Palisade Wall x1 |
| 12:13 | Mununez · wall_segment Palisade Wall x1 |
| 12:14 | Mununez · wall_segment Palisade Wall x1 |
| 12:16 | Mununez · wall_segment Palisade Wall x1 |
| 12:22 | Mununez · wall_segment Palisade Wall x1 |
| 12:30 | Mununez · wall_segment Palisade Wall x1 |
| 12:33 | Mununez · wall_segment Palisade Wall x1 |
| 13:09 | Mununez · wall_segment Palisade Wall x1 |
| 13:10 | Mununez · wall_segment Palisade Wall x1 |
| 13:11 | Mununez · wall_segment Palisade Wall x1 |
| 14:57 | Mununez · wall_segment Palisade Wall x1 |
| 15:17 | Mununez · wall_segment Palisade Wall x1 |
| 15:19 | Mununez · wall_segment Palisade Wall x1 |
| 15:36 | Mununez · wall_segment Palisade Wall x1 |
| 16:50 | Mununez · wall_segment Palisade Wall x1 |
| 16:51 | Mununez · wall_segment Palisade Wall x1 |
| 16:54 | Mununez · wall_segment Palisade Wall x1 |
| 16:55 | Mununez · wall_segment Palisade Wall x1 |
| 17:03 | Mununez · wall_segment Palisade Wall x9 |
| 18:07 | Mununez · wall_segment Palisade Wall x5 |
| 18:25 | Mununez · wall_segment Palisade Wall x1 |
| 20:26 | Mununez · first_market_sell 100 stone |
| 20:26 | Mununez · first_market_buy 100 wood |
| 21:18 | DK | Kongen_42 · age_up castle |
| 21:26 | Mununez · age_up castle |
| 21:53 | Mununez · wall_segment Palisade Wall x1 |
| 22:43 | Mununez · wall_segment Palisade Wall x1 |
| 23:19 | Mununez · first_building Siege Workshop |
| 23:30 | DK | Kongen_42 · first_building Monastery |
| 25:33 | Mununez · first_building Monastery |
| 26:17 | DK | Kongen_42 · first_building Siege Workshop |
| 28:56 | DK | Kongen_42 · wall_segment Palisade Wall x1 |
| 33:15 | DK | Kongen_42 · first_building Castle |
| 35:07 | Mununez · resign |
[ AI ANALYSIS · 1 CREDIT ]
What really happened in this match?
Wolo.gg analyzes every decision: build order, eco, micro, common mistakes by bracket. Personalized analysis on WhatsApp or Discord in 30 seconds.
Civ guide
Aztecs
Perfil
Jugador #3444509